 Dungeon Crawl Stone Soup version 0.29-a0-529-gfa20dd96a1 (webtiles) character file.

Game seed: 11362762502351580761

62000 dolemite99 the Cruncher (level 14, -13/112 (113) HPs)
             Began as a Demonspawn Gladiator on June 2, 2022.
             Was a High Priest of Okawaru.
             Mangled by an orc warrior
             ... wielding a +2 scimitar of holy wrath
              (15 damage)
             ... on level 2 of the Orcish Mines.
             The game lasted 00:38:32 (33082 turns).

dolemite99 the Cruncher (Demonspawn Gladiator)     Turns: 33082, Time: 00:38:33

HP:   -13/112 (113) AC: 25    Str: 18    XL:     14   Next: 62%
MP:   0/6           EV:  6    Int: 14    God:    Okawaru [*****.]
Gold: 697           SH: 11    Dex: 16    Spells: 13/13 levels left

rFire   + . .      SeeInvis +   a - +10 flail "Eluroghu" {antimagic, Will+}
rCold   . . .      Faith    .   o - +0 kite shield "Peoq" {rElec}
rNeg    . . .      Spirit   +   x - +3 plate armour {rF+}
rPois   +          Reflect  .   D - +0 helmet {SInv}
rElec   +          Harm     .   (no cloak)
rCorr   .          Rampage  .   C - +2 pair of gloves
Will    +++..                   s - +2 pair of boots
Stlth   ..........              l - amulet of guardian spirit
HPRegen 0.28/turn               v - ring of willpower
MPRegen 0.20/turn               F - ring of poison resistance

@: lightly drained
A: foul stench 2, magic regeneration, big brain 2, weakness stinger 2
a: Renounce Religion, Heroism, Finesse, Duel


You were on level 2 of the Orcish Mines.
You worshipped Okawaru.
Okawaru was extremely pleased with you.
You visited 4 branches of the dungeon, and saw 20 of its levels.

You collected 2087 gold pieces.
You spent 1390 gold pieces at shops.

Inventory:

Hand Weapons
 a - the +10 flail "Eluroghu" (weapon) {antimagic, Will+}
   (You took it off a gnoll on level 6 of the Dungeon)

   It reduces the magical energy of the wielder, and disrupts the spells and
   magical abilities of those it strikes.
   Natural abilities and divine invocations are not affected.
   Will:      It increases your willpower.
Missiles
 d - 2 throwing nets
 e - 16 boomerangs (quivered)
 B - 15 javelins
 M - 5 silver javelins
 S - 5 datura-tipped darts
 W - a curare-tipped dart
 X - 5 atropa-tipped darts
Armour
 c - a +2 helmet
 o - the +0 kite shield "Peoq" (worn) {rElec}
   (Okawaru gifted it to you on level 10 of the Dungeon)

   rElec:     It insulates you from electricity.
 s - a +2 pair of boots (worn)
 x - a +3 plate armour of fire resistance (worn)
 C - a +2 pair of gloves (worn)
 D - a +0 helmet of see invisible (worn)
Jewellery
 l - an amulet of guardian spirit (around neck)
 v - a ring of willpower (left hand)
 y - a ring of resist corrosion
 z - a +4 ring of slaying
 A - a +4 ring of evasion
 F - a ring of poison resistance (right hand)
 P - a ring of ice
 R - a ring of magical power
 V - an amulet of magic regeneration
 Y - a +6 ring of dexterity
Wands
 n - a wand of flame (9)
 t - a wand of charming (11)
 Q - a wand of acid (2)
 U - a wand of paralysis (3)
Scrolls
 h - a scroll of fear
 k - a scroll of vulnerability
 m - 6 scrolls of teleportation
 r - 2 scrolls of enchant weapon
 E - a scroll of noise
 G - 2 scrolls of poison
 J - 2 scrolls of immolation
 Z - a scroll of magic mapping
Potions
 b - a potion of resistance
 f - 3 potions of haste
 g - 2 potions of might
 i - 5 potions of attraction
 j - 9 potions of brilliance
 p - 7 potions of curing
 q - 5 potions of flight
 w - 2 potions of heal wounds
 H - 2 potions of ambrosia
 I - 2 potions of berserk rage
 L - a potion of degeneration
 N - 3 potions of lignification
 O - a potion of magic
Miscellaneous
 u - a tin of tremorstones (inert)
 T - a phantom mirror


   Skills:
 + Level 11.0 Fighting
 + Level 8.6(11.3) Maces & Flails
 - Level 11.5(12.7) Staves
 + Level 9.9 Throwing
 + Level 9.3 Armour
 - Level 2.6 Dodging
 - Level 9.2 Shields
 - Level 7.2 Invocations
 - Level 3.3 Evocations


You had 13 spell levels left.
You didn't know any spells.
Your spell library contained the following spells:

 Spells                   Type           Power      Damage    Failure   Level
 Apportation              Tloc           0%         N/A       100%        1
 Freeze                   Ice            0%         1d3       100%        1
 Sandblast                Erth           0%         2d4       100%        1
 Ensorcelled Hibernation  Hex/Ice        0%         N/A       100%        2
 Passwall                 Tmut/Erth      0%         N/A       100%        2
 Scorch                   Fire           0%         2d5       100%        2
 Sublimation of Blood     Necr           0%         N/A       100%        2
 Dazzling Flash           Conj/Hex       0%         N/A       100%        3
 Frozen Ramparts          Ice            0%         1d2       100%        3
 Gell's Gravitas          Tloc           0%         N/A       100%        3
 Ignite Poison            Fire/Tmut/Pois 0%         N/A       100%        3
 Inner Flame              Hex/Fire       0%         N/A       100%        3
 Lesser Beckoning         Tloc           0%         N/A       100%        3
 Mephitic Cloud           Conj/Pois/Air  0%         N/A       100%        3
 Ozocubu's Armour         Ice            0%         N/A       100%        3
 Portal Projectile        Hex/Tloc       0%         N/A       100%        3
 Stone Arrow              Conj/Erth      0%         3d7       100%        3
 Teleport Other           Tloc           0%         N/A       100%        3
 Cause Fear               Hex            0%         N/A       100%        4
 Flame Wave               Conj/Fire      0%         2d4       100%        4
 Leda's Liquefaction      Hex/Erth       0%         N/A       100%        4
 Passage of Golubria      Tloc           0%         N/A       100%        4
 Petrify                  Tmut/Erth      0%         N/A       100%        4
 Agony                    Necr           0%         N/A       100%        5
 Alistair's Intoxication  Tmut/Pois      0%         N/A       100%        5
 Freezing Cloud           Conj/Ice/Air   0%         6-21      100%        5
 Irradiate                Conj/Tmut      0%         3d13      100%        5
 Lightning Bolt           Conj/Air       0%         1d11      100%        5
 Metabolic Englaciation   Hex/Ice        0%         N/A       100%        5
 Silence                  Hex/Air        0%         N/A       100%        5
 Dispersal                Tloc           0%         N/A       100%        6
 Dragon Form              Tmut           0%         N/A       100%        7
 Ozocubu's Refrigeration  Ice            0%         4d5       100%        7
 Storm Form               Tmut/Air       0%         N/A       100%        7
 Discord                  Hex            0%         N/A       100%        8
 Lehudib's Crystal Spear  Conj/Erth      0%         10d2      100%        8
 Shatter                  Erth           0%         3d5*      100%        9
 Call Canine Familiar     Summ           Unusable   N/A       N/A         3
 Summon Cactus Giant      Summ           Unusable   N/A       N/A         6
 Dragon's Call            Summ           Unusable   N/A       N/A         9

Dungeon Overview and Level Annotations

Branches:
Dungeon (11/15)            Temple (1/1) D:4            Lair (6/6) D:10
  Swamp (0/4) Lair:2        Snake (0/4) Lair:2        Slime (0/5) Lair:5
    Orc (2/2) D:9             Elf (0/3) Orc:2

Altars:
Ashenzari
Cheibriados
Dithmenos
Elyvilon
Fedhas
Gozag
Hepliaklqana
Kikubaaqudgha
Makhleb
Nemelex Xobeh
Okawaru
Qazlal
Ru
Sif Muna
Trog
Uskayaw
Vehumet
Wu Jian
Xom
Yredelemnul
Zin
The Shining One
Jiyva

Shops:
D:7 *   Orc:1 [![

Annotations:
D:10 exclusion: door
Lair:2 1 runed translucent door, dolemite99's ghost, journeyman DsGl


Innate Abilities, Weirdness & Mutations

You sometimes emit foul miasma when damaged in melee.
You regenerate magic rapidly.
You have an extremely huge brain. (Int +4)
You have a tail ending in a sharp stinger.


Message History

The orc knight is lightly wounded.
You block the orc knight's attack.
The orc knight hits you but does no damage.
You sock the orc knight!
You tail-slap the orc knight, but do no damage.
The orc knight is moderately wounded.
The orc knight hits you with a +0 great sword!
The orc knight hits you with a +0 war axe.
You barely miss the orc knight.
The orc knight is moderately wounded.
The orc knight hits you but does no damage.
You block the orc warrior's attack. The orc knight barely misses you.
You thump the orc knight!
The orc knight is heavily wounded.
The orc knight hits you but does no damage.
The orc warrior hits you with a +2 scimitar of holy wrath!
You convulse!!
The orc knight hits you with a +0 war axe.
* * * LOW HITPOINT WARNING * * *
You hit the orc knight but do no damage.
The orc knight is heavily wounded.
The orc knight hits you with a +0 great sword!
* * * LOW HITPOINT WARNING * * *
You emit a cloud of foul miasma!
The orc warrior hits you with a +2 scimitar of holy wrath!
* * * LOW HITPOINT WARNING * * *
You convulse!
* * * LOW HITPOINT WARNING * * *
You emit a cloud of foul miasma!
The orc knight roars a battlecry!
The orcs go into a battle-frenzy!
You closely miss the orc knight. You tail-slap the orc knight.
The orc knight is heavily wounded.
The orc knight is engulfed in dark miasma.
The orc knight is poisoned.
The orc knight seems to slow down.
The orc knight closely misses you.
The orc warrior is engulfed in dark miasma.
The orc warrior is poisoned.
The orc warrior seems to slow down.
The orc warrior hits you with a +2 scimitar of holy wrath!
You die...

#..........#)....................
........#..)#.......[....[.......
##..#.....)####......)...........
#####......###.................#.
.##..............).......)......#
................................#
.#...#...)...........)..<......##
...............o..#.......#...##.
.............#..@................
................oo..........#.#..
........).............#....).....
...................o.............
..........................##..#.#
..................#.......##...##
...................#...#.####.##
#.#......#.........#......###.###
####.....................###....#


You could see 2 orc knights and 2 orc warriors.

Vanquished Creatures
  Rupert (Lair:4)
  Gastronok (Orc:1)
  2 boulder beetles
  8 hydras
  A death knight (D:10)
  3 two-headed ogres
  2 orc high priests (Orc:1)
  5 death yaks (Lair:2)
  Urug (Lair:4)
  Pikel (D:8)
  11 orc knights
  A deep elf pyromancer (D:10)
  A cyclops (D:11)
  2 manticores (D:10)
  Maurice (Orc:1)
  A guardian serpent (Lair:2)
  6 black mambas
  15 cane toads
  2 unseen horrors
  2 gargoyles (D:10)
  A rime drake (Lair:6)
  9 komodo dragons
  4 polar bears
  2 trolls
  6 hornets
  A tyrant leech (Lair:2)
  A wind drake (shapeshifter) (D:10)
  7 dream sheep (Lair:5)
  A blink frog (Lair:6)
  14 spriggans (Lair:6)
  Sigmund (D:2)
  A shadow (D:11)
  3 wyverns
  A wraith (D:10)
  A vampire (D:9)
  56 yaks
  2 vampire mosquitoes (D:11)
  Grum (D:8)
  2 basilisks
  Edmund (D:4)
  8 wargs
  17 water moccasins
  Duvessa (D:4)
  2 ice beasts
  5 black bears
  2 sky beasts
  17 orc warriors
  4 boggarts (Lair:6)
  25 wolves
  8 ogres
  4 centaurs
  3 kobold brigands
  Blork the orc (D:4)
  4 gnoll sergeants
  12 bullfrogs
  A scorpion (D:6)
  Dowan (D:4)
  3 killer bees (D:9)
  A vampire bat (Lair:1)
  19 howler monkeys
  5 crimson imps (D:10)
  8 hounds
  A lava snake (D:9)
  17 orc priests
  6 gnoll shamans
  An iguana (D:5)
  24 orc wizards
  4 hell rats (Lair:1)
  A mummy (D:5)
  Robin (D:3)
  21 gnolls
  10 adders
  6 white imps
  An ufetubus (D:6)
  A worm (D:5)
  2 dart slugs
  66 orcs
  9 bats
  3 endoplasms
  2 giant cockroaches
  8 goblins
  4 hobgoblins
  A quokka (D:3)
  4 ball pythons
  3 frilled lizards
  2 goblin skeletons (D:7)
  2 hobgoblin zombies (D:7)
  7 kobolds
  3 kobold zombies (D:7)
  An orc skeleton (D:7)
  8 rats
552 creatures vanquished.

Vanquished Creatures (others)
  27 fungi
  28 plants
55 creatures vanquished.

Grand Total: 607 creatures vanquished

Notes
Turn   | Place    | Note
-------+----------+-------------------------------------------
     0 | D:1      | dolemite99 the Demonspawn Gladiator began the quest for the
                  | Orb.
     0 | D:1      | Reached XP level 1. HP: 16/16 MP: 1/1
   376 | D:1      | Found a faded altar of an unknown god.
   922 | D:2      | Gained mutation: You have an unusually large brain. (Int
                  | +2) [demonic ancestry]
   922 | D:2      | Reached XP level 2. HP: 22/22 MP: 2/2
  1400 | D:2      | Gained mutation: You have a small tail. [demonic ancestry]
  1400 | D:2      | Reached XP level 3. HP: 27/27 MP: 3/3
  1566 | D:2      | Noticed Sigmund
  1589 | D:2      | Killed Sigmund
  1590 | D:2      | Reached skill level 5 in Staves
  1590 | D:2      | Gained mutation: You have a tail ending in a sharp stinger.
                  | [demonic ancestry]
  1590 | D:2      | Reached XP level 4. HP: 30/33 MP: 4/4
  1590 | D:2      | Gained mutation: You have an extremely huge brain. (Int +4)
                  | [demonic ancestry]
  1590 | D:2      | Reached XP level 5. HP: 35/38 MP: 5/5
  2475 | D:3      | Noticed Robin
  2491 | D:3      | Killed Robin
  3088 | D:4      | Noticed Edmund
  3101 | D:4      | Killed Edmund
  3102 | D:4      | Reached XP level 6. HP: 15/44 MP: 6/6
  3102 | D:4      | Found a staircase to the Ecumenical Temple.
  3429 | Temple   | Entered the Ecumenical Temple
  3666 | Temple   | Became a worshipper of Warmaster Okawaru
  3803 | D:4      | Noticed Blork the orc
  3815 | D:4      | Killed Blork the orc
  3970 | D:4      | Found a radiant altar of Vehumet.
  4052 | D:4      | Noticed Duvessa
  4052 | D:4      | Noticed Dowan
  4214 | D:4      | Killed Duvessa
  4215 | D:4      | Gained mutation: You may rarely emit foul miasma when
                  | damaged in melee. [demonic ancestry]
  4215 | D:4      | Reached XP level 7. HP: 49/50 MP: 7/7
  4223 | D:4      | Killed Dowan
  4373 | D:5      | Entered Level 5 of the Dungeon
  5382 | D:5      | Found a faded altar of an unknown god.
  5383 | D:5      | Found a hazy altar of Hepliaklqana.
  5636 | D:5      | Reached * piety under Okawaru
  5637 | D:5      | Gained mutation: You regenerate magic rapidly. [demonic
                  | ancestry]
  5637 | D:5      | Reached XP level 8. HP: 36/55 MP: 5/8
  5764 | D:5      | Found a snail-covered altar of Cheibriados.
  6075 | D:5      | Found an opulent altar of Gozag.
  6076 | D:5      | Found a sparkling altar of Nemelex Xobeh.
  6297 | D:6      | Reached skill level 10 in Staves
  6651 | D:6      | Reached ** piety under Okawaru
  7307 | D:6      | Reached XP level 9. HP: 42/61 MP: 6/9
  7515 | D:6      | Identified the +10 flail "Eluroghu" {antimagic, Will+}
  7872 | D:6      | Reached skill level 1 in Maces & Flails
  8382 | D:6      | Noticed a troll
  8392 | D:6      | Killed a troll
  8791 | D:6      | Reached skill level 5 in Maces & Flails
  9336 | D:7      | Found Jaafeh's Lightly-Used Armoury.
  9336 | D:7      | You fall into a shaft and drop 2 floors!
  9961 | D:7      | Found a broken altar of Ashenzari.
 10014 | D:7      | Reached XP level 10. HP: 67/67 MP: 2/10
 10814 | D:7      | Reached skill level 1 in Invocations
 11074 | D:8      | Noticed Pikel
 11084 | D:8      | Killed Pikel
 11084 | D:8      | Reached *** piety under Okawaru
 11124 | D:8      | Reached skill level 5 in Invocations
 11193 | D:8      | Noticed Grum
 11208 | D:8      | Killed Grum
 11992 | D:8      | Reached skill level 1 in Evocations
 11996 | D:8      | Reached **** piety under Okawaru
 12569 | D:9      | Noticed a two-headed ogre
 12576 | D:9      | Killed a two-headed ogre
 12577 | D:9      | Found a staircase to the Orcish Mines.
 12608 | D:9      | Reached ***** piety under Okawaru
 13110 | D:9      | Reached XP level 11. HP: 66/78 MP: 3/16
 13164 | D:9      | Found a basalt altar of Yredelemnul.
 13421 | D:10     | Entered Level 10 of the Dungeon
 13439 | D:9      | Found a stormy altar of Qazlal.
 13477 | D:9      | Found a shimmering altar of Xom.
 14138 | D:10     | Reached skill level 5 in Fighting
 14167 | D:10     | Noticed a deep elf pyromancer
 14172 | D:10     | Killed a deep elf pyromancer
 14329 | D:10     | Found a hide-covered altar of Uskayaw.
 14476 | D:10     | Identified the +0 kite shield "Peoq" {rElec} (Okawaru
                  | gifted it to you on level 10 of the Dungeon)
 14476 | D:10     | Received a gift from Okawaru
 14477 | D:10     | Reached skill level 5 in Armour
 14502 | D:10     | Noticed a two-headed ogre
 14510 | D:10     | Killed a two-headed ogre
 14590 | D:10     | Noticed a four-headed hydra
 14597 | D:10     | Killed a four-headed hydra
 14692 | D:10     | Noticed a boulder beetle
 14715 | D:10     | Killed a boulder beetle
 14718 | D:10     | Noticed a death knight
 15215 | D:10     | Found an ancient bone altar of Kikubaaqudgha.
 15217 | D:10     | Found a staircase to the Lair.
 15344 | D:11     | Reached skill level 5 in Shields
 15590 | D:11     | Noticed an eight-headed hydra
 16094 | Lair:1   | Entered Level 1 of the Lair of Beasts
 17112 | Lair:1   | Reached XP level 12. HP: 88/88 MP: 3/17
 18632 | Lair:2   | Noticed a five-headed hydra
 18648 | Lair:2   | Killed a five-headed hydra
 18648 | Lair:2   | Received a gift from Okawaru
 19008 | Lair:2   | Noticed a six-headed hydra
 19016 | Lair:2   | Killed a six-headed hydra
 19880 | Lair:2   | Noticed a death yak
 19882 | Lair:2   | Noticed a death yak
 19882 | Lair:2   | Noticed a death yak
 19883 | Lair:2   | Noticed a death yak
 19883 | Lair:2   | Noticed a death yak
 19903 | Lair:2   | Killed a death yak
 19907 | Lair:2   | Killed a death yak
 19910 | Lair:2   | Killed a death yak
 19913 | Lair:2   | Killed a death yak
 19913 | Lair:2   | Killed a death yak
 20524 | Lair:2   | Found a staircase to the Swamp.
 20641 | Lair:2   | Noticed a boulder beetle
 20662 | Lair:2   | Killed a boulder beetle
 20759 | Lair:2   | Found a runed translucent door.
 20760 | Lair:2   | Noticed dolemite99's ghost (journeyman DsGl)
 21057 | Lair:2   | Found a staircase to the Snake Pit.
 22352 | Lair:4   | Gained mutation: You sometimes emit foul miasma when
                  | damaged in melee. [demonic ancestry]
 22352 | Lair:4   | Reached XP level 13. HP: 78/103 MP: 4/18
 22488 | Lair:4   | Noticed Urug
 22501 | Lair:4   | Killed Urug
 22928 | Lair:4   | Noticed Rupert
 23083 | Lair:4   | Killed Rupert
 23083 | Lair:4   | Received a gift from Okawaru
 24282 | Lair:5   | Found a staircase to the Slime Pits.
 24286 | Lair:5   | Found a viscous altar of Jiyva.
 24406 | Lair:5   | Reached ****** piety under Okawaru
 24406 | Lair:5   | Received a gift from Okawaru
 24407 | Lair:5   | Reached skill level 5 in Throwing
 24706 | Lair:6   | Entered Level 6 of the Lair of Beasts
 25671 | Lair:6   | Received a gift from Okawaru
 26411 | Lair:6   | Got the Almanac of the Ashen Glacier
 26421 | Lair:6   | Identified the +6 longbow of Bahodou {freeze, rElec rF+
                  | Will+ Str-2 Dex+2} (Okawaru gifted it to you on level 6 of
                  | the Lair of Beasts)
 26421 | Lair:6   | Received a gift from Okawaru
 26784 | Lair:6   | Got Sif Muna's Incunabulum of Snow and the Birds
 27258 | Lair:6   | Reached skill level 10 in Fighting
 27441 | Lair:6   | Reached XP level 14. HP: 100/110 MP: 4/19
 27486 | Lair:6   | Identified the +6 great sword of Action {freeze, *Rage rF++
                  | Int+2 Dex+2}
 28544 | D:10     | Identified the +3 chain mail of the Harvest {rElec Str-5
                  | Slay+5}
 29692 | D:11     | Identified the +1 leather armour of Xom's Whim {rC++ Dex+2}
 29705 | D:11     | Noticed an angel
 29771 | Orc:1    | Entered Level 1 of the Orcish Mines
 29842 | Orc:1    | Noticed Gastronok
 29854 | Orc:1    | Killed Gastronok
 29854 | Orc:1    | Received a gift from Okawaru
 30016 | Orc:1    | Noticed Maurice
 30042 | Orc:1    | Received a gift from Okawaru
 30291 | Orc:2    | Entered Level 2 of the Orcish Mines
 31271 | Orc:1    | Killed Maurice
 31694 | Orc:1    | Received a gift from Okawaru
 32439 | Orc:1    | Found Qask's Distillery.
 32448 | Orc:1    | Found Nula's Antique Armour Boutique.
 32453 | Orc:1    | Bought a potion of heal wounds for 55 gold pieces
 32453 | Orc:1    | Bought a potion of berserk rage for 55 gold pieces
 32453 | Orc:1    | Bought a potion of lignification for 33 gold pieces
 32453 | Orc:1    | Bought a potion of haste for 110 gold pieces
 32453 | Orc:1    | Bought 3 potions of curing for 99 gold pieces
 32456 | Orc:1    | Bought a shiny plate armour for 806 gold pieces
 32482 | Orc:1    | Bought a glowing helmet for 232 gold pieces
 32615 | Orc:1    | Found Virhafe's Antique Armour Emporium.
 32807 | Orc:2    | Found a staircase to the Elven Halls.
 33081 | Orc:2    | HP: 1/112 [orc warrior/+2 scimitar of holy wrath (14)]
 33082 | Orc:2    | Mangled by an orc warrior

Illustrated notes

Levels and vault maps discovered:
D:1:      lightli_arrival_boilingwater, layout_basic,
          dreamdust_ecumenical_altar_grove
D:2:      layout_rooms, uniq_sigmund
D:3:      layout_rooms, uniq_robin
D:4:      layout_loops_cross, mainiacjoe_overflow_concentric_impassable,
          lemuel_crystal_altar, temple_statues, minivault_1, minmay_misc_feat_x,
          uniq_edmund, uniq_blork_the_orc, uniq_duvessa
D:5:      layout_loops_cross, grunt_temple_overflow_opulence,
          beargit_hepliaklqana_dungeon_heroes, chei_slow_surprise,
          nicolae_ossuary_entry_plus
D:6:      lemuel_castle_with_subvaults [lemuel_castle_interior_carwin_3],
          layout_basic
D:7:      layout_loops_ring, nicolae_tso_besieged_by_evil,
          nicolae_ashenzari_panopticon, roderic_lattice_a, minmay_shop_damaged
D:8:      layout_loops_cross, mrwooster_statue_mirror, uniq_grum, uniq_pikel
D:9:      layout_basic, lemuel_crystal_altar,
          mainiacjoe_overflow_catch_the_wave, erik_orc_4
D:10:     minmay_the_grid_four_pointed_star
          [minmay_the_grid_triangle_9x9_from_above,
          minmay_the_grid_triangle_9x9_checkered,
          minmay_the_grid_triangle_9x9_sparse_checkered,
          minmay_the_grid_triangle_9x9_wacky_v, minmay_the_grid_prize_big_room],
          layout_irregular_city, mainiacjoe_overflow_chevrons,
          mainiacjoe_overflow_24_doors, lair_entry_dummy, minmay_nine_imps
D:11:     layout_loops_ring, zin_angel
Temple:   compressed_dpeg_triangle_lava_temple
Lair:1:   layout_regular_city, roderic_batcave, grunt_megastairs_1,
          infiniplex_staircase_pool_2
Lair:2:   layout_regular_city, minmay_swamp_entry_worms,
          minmay_snake_entry_spellcaster, ebering_ghost_inner_flame,
          nzn_sisyphean_effort
Lair:3:   layout_regular_city
Lair:4:   wad_woods_structure_01, layout_loops_ring, uniq_rupert, uniq_urug
Lair:5:   layout_cave_shapes, slime_altar_1
Lair:6:   minmay_lair_end_enchanted_forest, layout_loops_ring,
          serial_bayou_pond_e
Orc:1:    layout_diamond_mine, serial_shops, shop, guppyfry_orc_lava_fort,
          uniq_gastronok, uniq_maurice
Orc:2:    st_orc_town, layout_caves, guppyfry_library_mini

Skill      XL: |  1  2  3  4  5  6  7  8  9 10 11 12 13 14 |
---------------+-------------------------------------------+-----
Staves         | 3 5 6 7 9 11 | 11.5
Maces & Flails | 7 8 |  8.6
Invocations    | 7 |  7.2
Evocations     | 3 |  3.3
Fighting       | 4 6 9 10 11 | 11.0
Armour         | 3 5 6 8 9 |  9.3
Shields        | 7 9 |  9.2
Throwing       | 8 9 |  9.9
Dodging        | |  2.6

Action                   |  1- 3 |  4- 6 |  7- 9 | 10-12 | 13-15 || total
-------------------------+-------+-------+-------+-------+-------++-------
Melee: Quarterstaff      |    43 |   110 |   225 |       |       ||   378
       Tailslap          |       |    16 |    33 |    96 |   133 ||   278
       Flail             |       |       |   101 |   614 |   638 ||  1353
       Punch             |       |       |     2 |     5 |       ||     7
 Fire: Hunting sling     |       |     2 |       |       |       ||     2
Throw: Throwing net      |     1 |       |       |       |     6 ||     7
       Stone             |       |       |     9 |       |       ||     9
       Boomerang         |       |       |    59 |   141 |    89 ||   289
       Dart              |       |       |       |     4 |     1 ||     5
       Javelin           |       |       |       |       |   130 ||   130
Invok: Heroism           |       |       |    17 |    37 |    39 ||    93
       Finesse           |       |       |       |     1 |     1 ||     2
Evoke: Wand              |       |       |       |    19 |    10 ||    29
       Tin of tremorston |       |       |       |     1 |     4 ||     5
  Use: Scroll            |     2 |     6 |     9 |    13 |    17 ||    47
       Potion            |       |     3 |       |     2 |     9 ||    14
 Stab: Distracted        |       |       |       |       |     2 ||     2
       Paralysed         |       |       |       |       |     4 ||     4
Armor: Leather armour    |    11 |       |       |       |       ||    11
       Ring mail         |       |    47 |       |       |       ||    47
       Scale mail        |       |     2 |    28 |       |       ||    30
       Chain mail        |       |       |   111 |    57 |       ||   168
       Plate armour      |       |       |       |   198 |   284 ||   482
Dodge: Dodged            |    31 |    70 |   132 |   137 |   113 ||   483
Block: Kite shield       |       |       |       |   162 |   397 ||   559

Table legend: (Time is in decaauts)
 A = Elapsed time spent in this place.
 B = Non-inter-level travel time spent in this place.
 C = Inter-level travel time spent in this place.
 D = Time resting spent in this place.
 E = Time spent auto-exploring this place.
 F = Levels seen in this place.
 G = Mean time per level.
                   A        B        C        D        E       F      G
               +--------+--------+--------+--------+--------+-----+--------+
         Total |  32900 |  31973 |    927 |  13567 |  12904 |  20 | 1645.0 |
       Dungeon |  18156 |  17600 |    556 |   7475 |   7119 |  11 | 1650.5 |
        Temple |    244 |    238 |      6 |      0 |    190 |   1 |  244.0 |
          Lair |  11650 |  11323 |    327 |   5006 |   4743 |   6 | 1941.7 |
  Orcish Mines |   2848 |   2811 |     37 |   1085 |    851 |   2 | 1424.0 |
               +--------+--------+--------+--------+--------+-----+--------+

Top non-repeatable levels by time:
  Lair:6: 2967 daAuts
     D:6: 2842 daAuts
  Lair:2: 2747 daAuts
    D:10: 2609 daAuts
  Lair:1: 2514 daAuts
     D:9: 2500 daAuts
     D:5: 2080 daAuts
   Orc:1: 1534 daAuts
     D:8: 1443 daAuts
     D:7: 1361 daAuts
   Orc:2: 1313 daAuts
  Lair:4: 1274 daAuts
     D:2: 1238 daAuts
    D:11: 1184 daAuts
  Lair:5: 1137 daAuts
